 Dungeon Crawl Stone Soup version 0.30-a0-311-gf115ab0292 (webtiles) character file.

Game seed: 4200184011345614837

234 freelancePsychic the Stinger (level 5, 0/60 HPs)
             Began as a Demonspawn Wanderer on Oct 25, 2022.
             Was an Initiate of Okawaru.
             Slain by a water moccasin (1 damage)
             ... on level 5 of the Dungeon.
             The game lasted 00:07:36 (3637 turns).

freelancePsychic the Stinger (Demonspawn Wanderer)  Turns: 3637, Time: 00:07:36

Health: 0/60       AC: 22    Str:  8 (10) XL:     5   Next: 75%
Magic:  6/8        EV:  2    Int: 15 (16) God:    Okawaru [......]
Gold:   155        SH:  0    Dex: 16      Spells: 3/8 levels left

rFire   . . .      SeeInvis .    a - +0 dagger (venom)
rCold   . . .      Faith    .    (no shield)
rNeg    . . .      Spirit   .    (body armour currently unavailable)
rPois   +          Reflect  .    (helmet currently unavailable)
rElec   .          Harm     .    (cloak currently unavailable)
rCorr   .          Rampage  .    (gloves currently unavailable)
Will    .....      NoTele   +    (boots currently unavailable)
Stlth   ++++......               (no amulet)
HPRegen 0.30/turn                (no ring)
MPRegen 0.11/turn                (no ring)

@: lethally poisoned (0 -> -13), tree-form, heroic, attractive
A: stationary, stasis, torment immunity, boosted hp, thin skeletal structure 1,
(demonic touch 1)
a: Renounce Religion


You were on level 5 of the Dungeon.
You worshipped Okawaru.
Okawaru was noncommittal.
You were a tree.
You visited 1 branch of the dungeon, and saw 5 of its levels.

You collected 275 gold pieces.
You spent 120 gold pieces at shops.

Inventory:

Hand Weapons
 a - a +0 dagger of venom (weapon)
Armour
 c - a +0 robe (melded)
 d - a +1 pair of gloves (melded)
 g - a +2 cloak (melded)
Wands
 m - a wand of acid (8)
 n - a wand of flame (7)
Scrolls
 b - 4 scrolls of teleportation {@r4}
 e - 3 scrolls of immolation
 j - a scroll of poison
Potions
 o - a potion of flight {unknown}


   Skills:
 + Level 2.8(7.8) Fighting
 - Level 1.2(6.2) Short Blades
 - Level 1.0(6.0) Armour
 - Level 1.7(6.7) Dodging
 - Level 2.1 Spellcasting
 - Level 1.7 Air Magic
 + Level 5.0 Poison Magic
 - Level 3.1 Invocations


You had 3 spell levels left.
You knew the following spells:

 Your Spells              Type           Power      Damage    Failure   Level
a - Sting                 Tmut/Pois      36%        1d4       8%          1
d - Olgreb's Toxic Radia  Pois           16%        N/A       28%         4

Your spell library contained the following spells:

 Spells                   Type           Power      Damage    Failure   Level
 Shock                    Conj/Air       16%        1d4       16%         1
 Mephitic Cloud           Conj/Pois/Air  8%         N/A       26%         3
 Kindle Blastsparks       Fire/Tloc/Air  6%         2d10      45%         3
 Borgnjor's Vile Clutch   Necr/Erth      0%         N/A       99%         5
 Animate Dead             Necr           Unusable   N/A       N/A         4
 Death Channel            Necr           Unusable   N/A       N/A         6

Dungeon Overview and Level Annotations

Branches:
Dungeon (5/15)
 Temple: D:4-7

Altars:
Okawaru
Vehumet

Shops:
D:2 [   D:4 *

Portals:
Abyss: D:3

Annotations:
D:3 2 transporters, ryw's ghost, amateur DsMo


Innate Abilities, Weirdness & Mutations

You are a tree.
Your roots penetrate the ground, keeping you stationary.
You cannot be teleported.
You are immune to unholy pain and torment.
Your maximum health is greatly increased.
Your equipment is partially melded.
You have a somewhat thin skeletal structure. (Dex +2, Stealth+)
((Your touch may inflict minor irresistible damage on your foes.))


Message History

The water moccasin poisons you!
You closely miss the water moccasin. Your touch misses the water moccasin.
You feel very sick. The water moccasin bites you.
You are more poisoned.
The water moccasin poisons you!
The white imp shouts, "Turn tail, thou warped fen-sucked scut!"
You closely miss the water moccasin.
You feel very sick. The water moccasin closely misses you.
You are too injured to fight recklessly!
You are too injured to fight recklessly!
You feel very sick. The water moccasin bites you.
You are lethally poisoned!
The water moccasin poisons you!
You hit the water moccasin.
You touch the water moccasin!
The water moccasin is heavily wounded.
* * * LOW HITPOINT WARNING * * *
You feel very sick. The water moccasin closely misses you.
It was a potion of cancellation.
You feel magically purged.
* * * LOW HITPOINT WARNING * * *
You feel very sick.
The water moccasin bites you but does no damage.
It was a potion of lignification.
You turn into a tree.
Your +2 cloak melds into your body.
Your +1 pair of gloves melds into your body.
Your +0 robe melds into your body.
Your roots penetrate the ground.
* * * LOW HITPOINT WARNING * * *
You feel very sick.
The water moccasin bites you but does no damage.
It was a potion of attraction.
You feel attractive to monsters.
* * * LOW HITPOINT WARNING * * *
You feel very sick.
The water moccasin completely misses you.
A gnoll comes into view. It is wielding a +0 spear.
The water moccasin bites you.
You die...

.$ .g############
.............#
#............#
#............#
#............#
#......5.....# # #S#
#.. #♣## ...#
#..####..###
######...>......
..........#############
#########.# #.........
#.# #.######## #.# #.#
#.####.# ############
#..†...#


You could see a water moccasin, a gnoll and a white imp.

Vanquished Creatures
  An ice beast (D:5)
  7 adders
  A worm (D:3)
  A dart slug (D:1)
  6 orcs
  6 ball pythons
  3 endoplasms
  3 giant cockroaches
  6 goblins
  7 hobgoblins
  6 jackals
  2 quokkas
  5 bats
  4 frilled lizards
  6 kobolds
  6 rats
70 creatures vanquished.

Notes
Turn   | Place    | Note
-------+----------+-------------------------------------------
     0 | D:1      | freelancePsychic the Demonspawn Wanderer began the quest
                  | for the Orb.
     0 | D:1      | freelancePsychic set off with the following items: a +0
                  | dagger, a scroll of teleportation {@r4}, a +0 robe, a +0
                  | pair of gloves; and the following spells available to
                  | memorise: Sting, Shock, Mephitic Cloud, Olgreb's Toxic
                  | Radiance, Kindle Blastsparks.
     0 | D:1      | Reached XP level 1. HP: 13/13 MP: 2/2
    29 | D:1      | Learned a level 1 spell: Sting
   254 | D:1      | Gained mutation: Your touch may inflict minor irresistible
                  | damage on your foes. [demonic ancestry]
   254 | D:1      | Reached XP level 2. HP: 5/19 MP: 0/4
   978 | D:2      | Found an iron altar of Okawaru.
   995 | D:2      | Became a worshipper of Warmaster Okawaru
  1013 | D:2      | Gained mutation: You have a somewhat thin skeletal
                  | structure. (Dex +2, Stealth+) [demonic ancestry]
  1013 | D:2      | Reached XP level 3. HP: 23/25 MP: 2/5
  1121 | D:2      | Reached skill level 1 in Fighting
  1215 | D:2      | Found Witwow's Armour Emporium.
  1925 | D:3      | Reached skill level 1 in Invocations
  1983 | D:3      | Noticed a kobold brigand
  1989 | D:3      | Found a transporter.
  2019 | D:3      | Reached XP level 4. HP: 23/32 MP: 5/7
  2188 | D:3      | Found a transporter.
  2286 | D:3      | Reached skill level 1 in Short Blades
  2499 | D:3      | Learned a level 4 spell: Olgreb's Toxic Radiance
  2750 | D:3      | Noticed a small abomination
  2751 | D:3      | Found a one-way gate to the infinite horrors of the Abyss.
  2753 | D:3      | Noticed ryw's ghost (amateur DsMo)
  3081 | D:4      | Found Tyfoopla's Assorted Antiques.
  3148 | D:4      | Found a radiant altar of Vehumet.
  3484 | D:4      | Bought a scroll of enchant armour for 120 gold pieces
  3499 | D:5      | Entered Level 5 of the Dungeon
  3525 | D:5      | Noticed an ice beast
  3536 | D:5      | Killed an ice beast
  3536 | D:5      | Reached * piety under Okawaru
  3537 | D:5      | Reached skill level 5 in Poison Magic
  3537 | D:5      | Reached XP level 5. HP: 39/39 MP: 8/8
  3629 | D:5      | Noticed a water moccasin
  3637 | D:5      | HP: 1/60 [poisoned by a water moccasin]
  3637 | D:5      | Slain by a water moccasin

Illustrated notes

Levels and vault maps discovered:
D:1:      erik_arrival_blinker_ship, layout_rooms, dk_noncrumbling_3
D:2:      layout_basic, serial_shops, shop, basic_altar, minmay_tripent
D:3:      cheibrodos_helix_gallery, layout_basic, tso_oasis_becter,
          gammafunk_ghost_abyssal_escape, serial_corexii_hall,
          chequers_hall_statues_y, corexii_hall_statues_l, minmay_bisected
D:4:      layout_rooms, vehumet_altar_wand_db, serial_shops,
          nicolae_shop_advertising_works [nicolae_subvault_shop_adworks],
          roderic_malta_cross
D:5:      layout_basic, uniq_ijyb

Skill      XL: |  1  2  3  4 |
---------------+-------------+-----
Fighting       | 1 2 |  2.8
Spellcasting   | 2 |  2.1
Invocations    | 1 3 |  3.1
Short Blades   | 1 |  1.2
Poison Magic   | 5 |  5.0
Armour         | |  1.0
Dodging        | |  1.7
Air Magic      | |  1.7

Action                   |  1- 3 |  4- 6 || total
-------------------------+-------+-------++-------
Melee: Dagger            |    71 |    71 ||   142
       Touch             |    12 |    12 ||    24
       Punch             |     1 |       ||     1
 Cast: Sting             |    43 |     3 ||    46
Invok: Heroism           |       |     1 ||     1
Evoke: Wand              |       |     4 ||     4
  Use: Scroll            |     4 |     5 ||     9
       Potion            |       |     5 ||     5
 Stab: Sleeping          |     4 |     5 ||     9
Armor: Robe              |    22 |    19 ||    41
       Skin              |       |     1 ||     1
Dodge: Dodged            |    44 |    43 ||    87

Table legend: (Time is in decaauts)
 A = Elapsed time spent in this place.
 B = Non-inter-level travel time spent in this place.
 C = Inter-level travel time spent in this place.
 D = Time resting spent in this place.
 E = Time spent auto-exploring this place.
 F = Levels seen in this place.
 G = Mean time per level.
                   A        B        C        D        E       F      G
               +--------+--------+--------+--------+--------+-----+--------+
         Total |   3615 |   3462 |    153 |    150 |   2762 |   5 |  723.0 |
       Dungeon |   3615 |   3462 |    153 |    150 |   2762 |   5 |  723.0 |
               +--------+--------+--------+--------+--------+-----+--------+

Top non-repeatable levels by time:
     D:2: 1028 daAuts
     D:3: 1013 daAuts
     D:1: 829 daAuts
     D:4: 608 daAuts
     D:5: 136 daAuts
